 Dungeon Crawl Stone Soup version 0.30.1-4-g462c640d31 (webtiles) character file.

Game seed: 13345370668125663106

121 boopmooplesden the Covered (level 4, 0/40 HPs)
             Began as an Armataur Fighter on Sept 13, 2023.
             Slain by Grinder (6 damage)
             ... on level 3 of the Dungeon.
             The game lasted 00:03:00 (2188 turns).

boopmooplesden the Covered (Armataur Fighter)       Turns: 2188, Time: 00:03:01

Health: 0/40       AC: 10    Str: 23    XL:     4   Next: 77%
Magic:  4/4        EV:  7    Int:  9    God:
Gold:   161        SH:  4    Dex:  9    Spells: 3/3 levels left

rFire   . . .        a - +1 flail (drain)
rCold   . . .        c - +0 buckler
rNeg    . . .        b - +0 scale mail
rPois   .            (no helmet)
rElec   .            n - +2 cloak
rCorr   .            (no gloves)
SInv    .            (no barding)
Will    .....        (no amulet) Stlth
                     (no ring)
HPRegen 0.26/turn    (no ring)
MPRegen 0.09/turn

%: roll
@: mighty
A: large, rugged brown scales 3, deformed body, armoured tail, roll, long
tongue, awkward tongue
a: no special abilities


You were on level 3 of the Dungeon.
You visited 1 branch of the dungeon, and saw 3 of its levels.

You collected 161 gold pieces.

Inventory:

Hand Weapons
 a - a +1 flail of draining (weapon)
Armour
 b - a +0 scale mail (worn)
 c - a +0 buckler (worn)
 i - a +0 cloak
 n - a +2 cloak (worn)
Jewellery
 e - a ring of magical power
 q - an amulet of magic regeneration
Scrolls
 g - a scroll of identify
 m - 2 scrolls of teleportation
 o - a scroll of fog {unknown}
Potions
 d - a potion of might
 f - a potion of lignification
 h - a potion of heal wounds {unknown}
 j - 2 potions of haste {unknown}
 k - a potion of attraction {unknown}
 l - a potion of flight
 p - a potion of curing


   Skills:
 + Level 3.5 Fighting
 + Level 2.5 Maces & Flails
 + Level 4.6 Armour
 + Level 0.3 Stealth
 + Level 4.1 Shields


You had 3 spell levels left.
You didn't know any spells.
Your spell library contained the following spells:

 Spells                   Type           Power      Damage    Failure   Level
 Kiss of Death            Conj/Necr      0%         2d5       75%         1
 Summon Small Mammal      Summ           0%         N/A       75%         1
 Lesser Beckoning         Tloc           0%         N/A       87%         2
 Call Canine Familiar     Summ           0%         N/A       98%         3
 Confusing Touch          Hex            0%         N/A       98%         3
 Gell's Gravitas          Tloc           0%         N/A       98%         3
 Summon Guardian Golem    Hex/Summ       0%         N/A       98%         3
 Teleport Other           Tloc           0%         N/A       98%         3
 Dispel Undead            Necr           0%         3d6       100%        4


Dungeon Overview and Level Annotations

Branches:
Dungeon (3/15)

Altars:

Annotations:
D:3 Grinder


Innate Abilities, Weirdness & Mutations

You are completely covered in rugged brown scales. (AC +3, +7% HP)
Armour fits poorly on your strangely shaped body.
You have a long armoured tail.
You roll when moving toward enemies. (Rampage)
Your long tongue fully drains potion bottles. (2x potion effects)
Your tongue gives you trouble enunciating. (1.5x scroll delay)


Message History

Grinder shouts!
You see here a scroll labelled UHUIJU IR HOMN.
Grinder is nearby!
Grinder is nearby!
Grinder is nearby!
o - a scroll labelled UHUIJU IR HOMN
Found a buckler.
You feel very mighty all of a sudden.
You slurp down every last drop of the potion of might!
Grinder gestures at you. You resist with significant effort.
Grinder gestures at you. Pain shoots through your body! Grinder hits you.
You closely miss Grinder.
Grinder blinks!
Found a bloodstained short sword.
Grinder says, "I used to sell toenails on the black market."
Grinder gestures at you. You resist with significant effort. Grinder hits you.
You barely miss Grinder. Grinder hits you but does no damage.
You barely miss Grinder.
Grinder blinks!
Grinder gestures at you. Pain shoots through your body!
* * * LOW HITPOINT WARNING * * *
You roll towards Grinder!
Grinder hits you but does no damage.
You sock Grinder!
Grinder is heavily wounded.
Grinder hits you.
* * * LOW HITPOINT WARNING * * *
You writhe in agony.
* * * LOW HITPOINT WARNING * * *
You barely miss Grinder.
Grinder is heavily wounded.
Grinder gestures at you. You resist with significant effort.
You barely miss Grinder.
Grinder is heavily wounded.
Grinder hits you.
You die...

######## #. #.# #[... ...
#...# #.# #..# #.# ####
###..####.# ...
#......##.##.####
####.#..#..........##
#####..#†#..#.............
................@.........
.......#.##.#..5.......♣.♣
..######...............♣ .
..# #.##.##.######..♣ ..#
#.##....# .... ..#
#.#####.# .... ..# #.. .)#
.. ..# ### ... #.# .#


You could see Grinder.

Vanquished Creatures
  A gnoll (D:1)
  4 adders
  A worm (D:3)
  3 dart slugs
  An orc (D:3)
  9 endoplasms
  2 giant cockroaches
  5 goblins
  4 hobgoblins
  8 jackals
  2 quokkas
  6 ball pythons
  3 bats
  6 kobolds
  6 rats
61 creatures vanquished.

Notes
Turn   | Place    | Note
-------+----------+-------------------------------------------
     0 | D:1      | boopmooplesden the Armataur Fighter began the quest for the
                  | Orb.
     0 | D:1      | Reached XP level 1. HP: 19/19 MP: 1/1
    30 | D:1      | Reached XP level 2. HP: 26/26 MP: 2/2
   632 | D:1      | You fall into a shaft and drop 1 floor!
   681 | D:2      | Reached XP level 3. HP: 29/33 MP: 3/3
  1349 | D:2      | Reached XP level 4. HP: 40/40 MP: 4/4
  2170 | D:3      | Noticed Grinder
  2188 | D:3      | Slain by Grinder

Illustrated notes

Levels and vault maps discovered:
D:1:      matt_arrival_spirals, layout_loops_ring
D:2:      kennysheep_six_static_rooms, layout_basic, grunt_ministairs_7,
          st_stairs_4, amcnicky_mini_rare_corridor_liquid
D:3:      wad_crossroads, layout_loops_cross, grunt_ministairs_9,
          nrook_mini_vaults, chequers_garden, uniq_grinder

Skill      XL: |  1  2  3  4 |
---------------+-------------+-----
Fighting       | 3 |  3.5
Armour         | 4 |  4.6
Maces & Flails | 2 |  2.5
Shields        | 4 |  4.1
Stealth        | |  0.3

Action                     |  1- 3 |  4- 6 || total
---------------------------+-------+-------++-------
  Melee: Flail             |    96 |    68 ||   164
         Tailslap          |     9 |     2 ||    11
    Use: Scroll            |       |     8 ||     8
         Potion            |       |     1 ||     1
 Armour: Scale mail        |    58 |    46 ||   104
  Dodge: Dodged            |    23 |    19 ||    42
  Block: Buckler           |    19 |    21 ||    40
